 Dungeon Crawl Stone Soup version 0.19-a0-1740-g0bcaf2e (webtiles) character file.

152 kae the Sneak (level 5, -1/24 HPs)
             Began as a Spriggan Enchanter on Oct 1, 2016.
             Was an Initiate of Dithmenos.
             Killed by nerve-wracking pain
             ... invoked by an orc priest
              (3 damage)
             ... on level 3 of the Dungeon.
             The game lasted 00:03:12 (2523 turns).

kae the Sneak (Spriggan Enchanter)                  Turns: 2523, Time: 00:03:13

Health: -1/24      AC:  4    Str:  5    XL:     5   Next: 11%
Magic:  1/11       EV: 17    Int: 17    God:    Dithmenos [......]
Gold:   134        SH:  5    Dex: 16    Spells: 3 memorised, 5 levels left

rFire  . . .     SeeInvis +     a - +1 dagger
rCold  . . .     Gourm    .     b - +1 robe
rNeg   . . .     Faith    .     v - +0 buckler
rPois  .         Spirit   .     (helmet restricted)
rElec  .         Dismiss  .     i - +0 cloak
rCorr  .         Reflect  .     (gloves unavailable)
MR     .....     Harm     .     (boots unavailable)
Stlth  +++.......               (no amulet)
                                (no ring)
                                (no ring)

@: very slightly contaminated, very quick
A: unfitting armour, see invisible, herbivore 3, speed 3, slow metabolism 2
a: Renounce Religion


You were on level 3 of the Dungeon.
You worshipped Dithmenos.
Dithmenos was noncommittal.
You were hungry.

You visited 1 branch of the dungeon, and saw 3 of its levels.

You collected 134 gold pieces.

Inventory:

Hand Weapons
 a - a +1 dagger (weapon)
Armour
 b - a +1 robe (worn)
 i - a +0 cloak (worn)
 v - a +0 buckler (worn)
Jewellery
 o - an uncursed ring of ice {unknown}
 x - a +2 ring of protection {unknown}
Scrolls
 e - 3 scrolls of enchant armour {unknown}
 f - 6 scrolls of identify {unknown}
 h - a scroll of remove curse {unknown}
 j - 3 scrolls of magic mapping {unknown}
 k - 4 scrolls of teleportation {unknown}
 l - 2 scrolls of enchant weapon {unknown}
 n - a scroll of noise {unknown}
 p - a scroll of random uselessness {unknown}
 w - a scroll of amnesia {unknown}
Potions
 g - a potion of berserk rage {unknown}
 m - a potion of brilliance {unknown}
 q - a potion of curing {unknown}
 r - a potion of heal wounds {unknown}
 s - a potion of beneficial mutation {unknown}
 t - a potion of magic {unknown}
 u - a potion of cancellation {unknown}
 z - a potion of invisibility {unknown}
Books
 c - a book of Maledictions

   Spells                             Type                      Level
   a - Corona                         Hexes                        1
   b - Ensorcelled Hibernation        Hexes/Ice                    2
   c - Confuse                        Hexes                        3
   d - Tukima's Dance                 Hexes                        3
   e - Dazzling Spray                 Conjuration/Hexes            3
Comestibles
 d - 5 bread rations


   Skills:
 * Level 3.4 Short Blades
 - Level 3.0 Dodging
 + Level 5.6 Stealth
 + Level 0.2 Shields
 + Level 3.9 Spellcasting
 + Level 4.3 Hexes


You had 5 spell levels left.
You knew the following spells:

 Your Spells              Type           Power        Failure   Level  Hunger
a - Corona                Hex            ###....      6%          1    None
b - Ensorcelled Hibernat  Hex/Ice        ##....       17%         2    ##.....
c - Confuse               Hex            ###.....     14%         3    ###....


Dungeon Overview and Level Annotations

Branches:
Dungeon (3/15)

Altars:
Cheibriados
Dithmenos
Kikubaaqudgha
Makhleb
Sif Muna
Trog
Yredelemnul
The Shining One

Annotations:
D:2 1 runed door
D:3 azzavlup's ghost, amateur DrTm


Innate Abilities, Weirdness & Mutations

You are very small and have problems with some larger weapons.
You are too small for most types of armour.
You have supernaturally acute eyesight. (SInv)
You are a herbivore.
You cover ground extremely quickly.
You need consume almost no food.


Message History

Press: ? - help, Shift-Dir - straight line, f/p - orc priest
Aim: an orc priest, wielding an enchanted dagger and wearing a leather armour (chance to defeat MR: 41%)
You miscast Ensorcelled Hibernation.
Frost spreads across the the floor.
The orc hits you with a short sword!
The orc priest hits you but does no damage.
Casting: Ensorcelled Hibernation
Confirm with . or Enter, or press ? or * to list all spells.
Aiming: Ensorcelled Hibernation
Press: ? - help, Shift-Dir - straight line, f/p - orc priest
Aim: an orc priest, wielding an enchanted dagger and wearing a leather armour (chance to defeat MR: 41%)
You miscast Ensorcelled Hibernation.
Strange energies run through your body. You block the orc's attack.
The orc priest hits you with an enchanted dagger.
The orc priest invokes the aid of Beogh against you.
Beogh smites you!
Ouch! That really hurt!
* * * LOW HITPOINT WARNING * * *
The orc priest calls down the wrath of Beogh upon you.
Pain shoots through your body!
You die...

#.# #.. #.### #.. #############
###...#####.. #...........#
#............ #####...........#
#............
##...#...........####...........o
#....'..........|'...............
)....#...........##############..
#....#....[.....@# #..
#....#...........##############..
#....####.........##.........(...
#.#### #.......o(##.............
#.# #........(##..........o..
#.#######........o##.............
#>................o.o............
#########.........##.............
# #.........##.............


You could see an orc priest and 2 orcs.

Vanquished Creatures
  Jessica (D:2)
  An orc wizard (D:3)
  5 adders
  An ooze (D:1)
  2 worms
  3 leopard geckos
  2 orcs (D:3)
  A ball python (D:1)
  2 giant cockroaches
  3 goblins
  4 hobgoblins
  A quokka (D:2)
  6 bats
  6 frilled lizards
  7 kobolds
  3 rats
48 creatures vanquished.

Notes
Turn   | Place    | Note
-------+----------+-------------------------------------------
     0 | D:1      | kae the Spriggan Enchanter began the quest for the Orb.
     0 | D:1      | Reached XP level 1. HP: 9/9 MP: 5/5
   227 | D:1      | Reached XP level 2. HP: 12/13 MP: 6/6
   231 | D:1      | Learned a level 2 spell: Ensorcelled Hibernation
   805 | D:2      | Noticed Jessica
   828 | D:2      | Found a burning altar of Makhleb.
   830 | D:2      | Found a bloodstained altar of Trog.
   870 | D:2      | Reached XP level 3. HP: 16/16 MP: 8/8
   934 | D:2      | Reached skill level 5 in Stealth
  1052 | D:2      | Killed Jessica
  1052 | D:2      | Reached XP level 4. HP: 19/21 MP: 7/10
  1128 | D:2      | Found a runed door.
  1264 | D:2      | Found a deep blue altar of Sif Muna.
  1291 | D:2      | Found a glowing golden altar of the Shining One.
  1291 | D:2      | Found a snail-covered altar of Cheibriados.
  1292 | D:2      | Found a basalt altar of Yredelemnul.
  1295 | D:2      | Found a shadowy altar of Dithmenos.
  1296 | D:2      | Found an ancient bone altar of Kikubaaqudgha.
  1300 | D:2      | Became a worshipper of Dithmenos the Shadowed
  1345 | D:3      | Noticed azzavlup's ghost (amateur DrTm)
  1400 | D:3      | Learned a level 3 spell: Confuse
  2480 | D:3      | Reached XP level 5. HP: 24/24 MP: 6/11
  2523 | D:3      | Killed from afar by an orc priest

Vault maps used:
D:1:      dpeg_arrival_simpleton_c
D:2:      lemuel_blue_sif_altar, minitemple, first_bread, uniq_jessica,
          uniq_crazy_yiuf_cottage

Skill      XL: |  1  2  3  4 |
---------------+-------------+-----
Spellcasting   | 3 |  3.9
Short Blades   | 2 3 |  3.4
Stealth        | 5 |  5.6
Hexes          | 4 |  4.3
Dodging        | |  3.0
Shields        | |  0.2

Action                   |  1- 3 |  4- 6 || total
-------------------------+-------+-------++-------
Melee: Dagger            |    57 |    59 ||   116
 Cast: Corona            |     1 |       ||     1
       Ensorcelled Hiber |     7 |    11 ||    18
       Confuse           |       |     4 ||     4
 Stab: Sleeping          |    18 |    14 ||    32
       Confused          |       |     2 ||     2
Armor: Robe              |     6 |     6 ||    12
Dodge: Dodged            |    31 |    29 ||    60
Block: Buckler           |       |    10 ||    10
